 Dungeon Crawl Stone Soup version 0.18-a0-1542-g9c1a92e (webtiles) character file.

1230 namelastname112 the Martial Artist (level 8, 0/63 HPs)
             Began as a Pale Draconian Monk on Mar 10, 2016.
             Was an Elder of Makhleb.
             Slain by a wyvern zombie (13 damage)
             ... on level 6 of the Dungeon.
             The game lasted 00:07:01 (4653 turns).

namelastname112 the Martial Artist (DrMo)           Turns: 4653, Time: 00:07:01

Health: 0/63       AC:  7    Str: 13    XL:     8   Next: 24%
Magic:  8/8        EV: 13    Int: 10    God:    Makhleb [****..]
Gold:   327        SH:  0    Dex: 15    Spells: 0 memorised, 7 levels left

rFire  . . .     SeeInvis .       - Unarmed
rCold  . . .     Gourm    .     (armour unavailable)
rNeg   . . .     Faith    .     (no shield)
rPois  .         Spirit   .     (helmet restricted)
rElec  .         Dismiss  .     y - +0 cloak
rCorr  .         Reflect  .     (no gloves)
SustAt .         Harm     .     (no boots)
MR     .....                    v - amulet of magic regeneration
Stlth  ++........               (no ring)
                                (no ring)

@: short of breath, not resistant to hostile enchantments, unstealthy
A: breathe steam, unfitting armour, weak 1, wild magic 1, evolution 1,
cold-blooded, MP-powered wands, AC +6
a: Breathe Steam, Minor Destruction, Lesser Servant of Makhleb, Major
Destruction, Renounce Religion


You were on level 6 of the Dungeon.
You worshipped Makhleb.
Makhleb was greatly pleased with you.
You were not hungry.

You visited 1 branch of the dungeon, and saw 6 of its levels.
You also visited: Sewer.

You collected 327 gold pieces.

Inventory:

Armour
 y - a +0 cloak (worn)
Jewellery
 v - an amulet of magic regeneration (around neck)
Wands
 t - a wand of paralysis (7/24)
 x - a wand of slowing (24/48)
Scrolls
 g - 3 scrolls of teleportation {unknown}
 h - 4 scrolls of remove curse {unknown}
 i - a scroll of enchant weapon {unknown}
 j - 3 scrolls of noise {unknown}
 o - 2 scrolls of recharging {unknown}
 p - 2 scrolls of fear {unknown}
 q - a scroll of magic mapping {unknown}
 r - 3 scrolls of identify
 u - a scroll of fog {unknown}
 w - a scroll of enchant armour {unknown}
Potions
 b - a potion of ambrosia
 d - 2 potions of might
 e - 5 potions of curing
 f - a potion of berserk rage {unknown}
 k - a potion of brilliance {unknown}
 l - 2 potions of heal wounds
 m - 3 potions of flight
 n - 2 potions of resistance
 z - a potion of cure mutation {unknown}
Books
 s - a book of Clouds

   Spells                             Type                      Level
   a - Mephitic Cloud                 Conjuration/Poison/Air       3
   b - Conjure Flame                  Conjuration/Fire             3
   c - Poisonous Cloud                Conjuration/Poison/Air       6
   d - Freezing Cloud                 Conjuration/Ice/Air          6
   e - Ring of Flames                 Charms/Fire                  7
Comestibles
 a - 2 bread rations
 c - 7 meat rations


   Skills:
 - Level 3.2 Fighting
 - Level 2.6 Dodging
 - Level 1.7 Stealth
 + Level 10.6 Unarmed Combat


You had 7 spell levels left.
You didn't know any spells.

Dungeon Overview and Level Annotations

Branches:
Dungeon (6/15)             Temple (0/1) D:4

Altars:
Cheibriados
Dithmenos
Fedhas
Gozag
Kikubaaqudgha
Makhleb
Okawaru
Pakellas
Qazlal
Sif Muna
Yredelemnul
The Shining One


Innate Abilities, Weirdness & Mutations

You can breathe blasts of scalding, opaque steam.
Your pale cyan-grey scales are hard (AC +6).
Your body does not fit into most forms of armour.
You are cold-blooded and may be slowed by cold attacks.
You are weak. (Str -2)
Your spells are a little harder to cast, but a little more powerful.
You evolve.
You expend magic power (3 MP) to strengthen your wands.


Message History

The centaur is engulfed in a cloud of scalding steam.
You kill the centaur!
Makhleb accepts your kill.
You feel better.
The wyvern zombie is engulfed in a cloud of scalding steam.
The wyvern zombie misses you.
The wyvern zombie is engulfed in a cloud of scalding steam.
The wyvern zombie barely misses you.
You hit the wyvern zombie. The wyvern zombie bites you.
You hit the wyvern zombie. The wyvern zombie barely misses you.
The wyvern zombie bites you!
You hit the wyvern zombie but do no damage.
Your tail-slap misses the wyvern zombie.
The wyvern zombie bites you!
* * * LOW HITPOINT WARNING * * *
You are too injured to fight recklessly!
You can't do that yet.
Unknown command.
You punch the wyvern zombie! The wyvern zombie bites you!
You die...

#.###### ## .......#)..#
##.. #.###...#..##...#
.##.....#....# ##.
#...#..#..##
###.....######.##
#####...###.# ##..####
#......)###.## ##.......
... #.@.....###..###... ###
..) #..Z.........##....
..####.#
#.(##.............#
#.....###.(##..........†..#
##....##..###............##
#####.....##..#
#.........##.#
....(##..#...#
#....##...###.#
....###....####(.......##
.# #..###.....##.........#
####


You could see a wyvern zombie.

Vanquished Creatures
  The ghost of namelastname112 the Chopper, an amateur DrCK of Xom (Sewer)
  The ghost of Emanloe the Cudgeler, an amateur GrBe of Trog (D:4)
  A water moccasin (D:5)
  2 centaurs (D:6)
  A big kobold (Sewer)
  3 scorpions (D:4)
  A howler monkey (D:4)
  A crimson imp (D:3)
  A quasit (D:5)
  An orc priest (D:4)
  A giant frog skeleton (D:6)
  A worker ant (D:6)
  2 orc wizards (D:4)
  2 gnolls (D:4)
  11 adders
  A shadow imp (D:6)
  4 oozes
  2 adder skeletons
  A worm (D:2)
  A dart slug (D:4)
  5 giant geckos
  5 orcs (D:4)
  4 bats
  A bat zombie (D:3)
  7 giant cockroaches
  8 goblins
  8 hobgoblins
  8 jackals
  20 kobolds
  3 ball pythons
  5 giant newts
  2 goblin skeletons (D:5)
  2 hobgoblin zombies (D:5)
  A kobold skeleton (D:5)
  A kobold zombie (D:5)
  2 orc skeletons (D:5)
  An orc zombie (D:5)
  10 rats
  A rat zombie (D:3)
133 creatures vanquished.

Notes
Turn   | Place    | Note
--------------------------------------------------------------
     0 | D:1      | namelastname112 the Draconian Monk began the quest for the Orb.
     0 | D:1      | Reached XP level 1. HP: 19/19 MP: 1/1
   312 | D:1      | Reached XP level 2. HP: 24/26 MP: 2/2
   906 | D:2      | Reached skill level 5 in Unarmed Combat
   906 | D:2      | Reached XP level 3. HP: 8/31 MP: 3/3
  1411 | D:2      | Found a shadowy altar of Dithmenos.
  1493 | D:2      | Found an iron altar of Okawaru.
  1569 | D:2      | Found a burning altar of Makhleb.
  1574 | D:2      | Reached XP level 4. HP: 38/38 MP: 4/4
  1642 | D:2      | Became a worshipper of Makhleb the Destroyer
  1642 | D:2      | Reached * piety under Makhleb
  1642 | D:2      | Reached ** piety under Makhleb
  1720 | D:3      | Found an oddly glowing altar of Pakellas.
  1729 | D:3      | Found a deep blue altar of Sif Muna.
  1729 | D:3      | Found a basalt altar of Yredelemnul.
  1730 | D:3      | Found a stormy altar of Qazlal.
  1784 | D:3      | Found a glowing drain.
  1788 | Sewer    | Entered a sewer
  1829 | Sewer    | Noticed namelastname112's ghost (amateur DrCK)
  1840 | Sewer    | Paralysed by namelastname112's ghost for 6 turns
  1851 | Sewer    | Gained mutation: You passively map a small area around you. [potion of mutation]
  1851 | Sewer    | Lost mutation: You passively map a small area around you. [potion of mutation]
  1851 | Sewer    | Gained mutation: You evolve. [potion of mutation]
  1862 | Sewer    | Killed namelastname112's ghost
  1862 | Sewer    | Reached skill level 7 in Unarmed Combat
  1862 | Sewer    | Reached XP level 5. HP: 24/45 MP: 5/5
  2308 | Sewer    | Reached XP level 6. HP: 51/51 MP: 6/6
  2511 | Sewer    | Reached *** piety under Makhleb
  2810 | D:3      | Found an opulent altar of Gozag.
  2961 | D:3      | Found an ancient bone altar of Kikubaaqudgha.
  3054 | D:4      | Found a staircase to the Ecumenical Temple.
  3068 | D:4      | Reached skill level 8 in Unarmed Combat
  3179 | D:4      | Your scales start taking on a pale cyan-grey colour.
  3179 | D:4      | Reached XP level 7. HP: 55/57 MP: 7/7
  3307 | D:4      | Reached **** piety under Makhleb
  3386 | D:4      | Noticed Emanloe's ghost (amateur GrBe)
  3393 | D:4      | Killed Emanloe's ghost
  3393 | D:4      | Reached skill level 9 in Unarmed Combat
  3602 | D:4      | Found a snail-covered altar of Cheibriados.
  3669 | D:5      | Entered Level 5 of the Dungeon
  3697 | D:5      | Found a glowing golden altar of the Shining One.
  4169 | D:5      | Gained mutation: You expend magic power (3 MP) to strengthen your wands. [potion of mutation]
  4169 | D:5      | Gained mutation: You are weak. (Str -2) [potion of mutation]
  4169 | D:5      | Gained mutation: Your spells are a little harder to cast, but a little more powerful. [potion of mutation]
  4236 | D:5      | Reached skill level 10 in Unarmed Combat
  4236 | D:5      | Reached XP level 8. HP: 60/63 MP: 8/8
  4488 | D:6      | Found a blossoming altar of Fedhas.
  4653 | D:6      | Slain by a wyvern zombie

Vault maps used:
D:1:      minmay_arrival_radiant_lines
D:2:      lemuel_round_altar, lemuel_round_altar, overflow_temple_1_default
D:3:      lemuel_zombie_altar_kikubaaqudgha, grunt_gozag_breadcrumbs,
          gammafunk_temple_overflow_forgotten, first_bread,
          gup_sewer_entry_bowl, grunt_pakellas_basics
D:4:      cheibriados_altar_wand_db, temple_fountains
D:5:      nicolae_tso_besieged_by_evil, nrook_mini_vaults
D:6:      old_standard_altar, basic_altar, hangedman_abyss_or_decor_slice
Sewer:    kennysheep_pipe_town

Skill      XL: |  1  2  3  4  5  6  7 |
---------------+----------------------+-----
Unarmed Combat | 5 7 8 10 | 10.6
Fighting       | |  3.2
Dodging        | |  2.6
Stealth        | |  1.7

Action                   |  1- 3 |  4- 6 |  7- 9 || total
-------------------------+-------+-------+-------++-------
Melee: Unarmed           |   120 |   186 |   135 ||   441
 Abil: Breathe Steam     |       |       |     3 ||     3
  Use: Potion            |       |     8 |     2 ||    10
       Scroll            |       |     6 |       ||     6
 Stab: Sleeping          |     4 |     4 |     2 ||    10
       Distracted        |       |       |     1 ||     1
  Eat: Chunk             |     1 |     6 |     4 ||    11
       Pizza             |       |       |     1 ||     1
